 Dungeon Crawl Stone Soup version 0.29.1-2-gbd0b4ee654 (webtiles) character file.

Game seed: 2505058184368133430

23 concernfroge the Trooper (level 2, -2/25 HPs)
             Began as a Mummy Monk on Nov 26, 2022.
             Slain by a ball python (3 damage)
             ... on level 1 of the Dungeon.
             The game lasted 00:01:15 (467 turns).

concernfroge the Trooper (Mummy Monk)                Turns: 467, Time: 00:01:16

Health: -2/25      AC:  2    Str: 14    XL:     2   Next: 75%
Magic:  2/2        EV:  9    Int:  9    God:
Gold:   69         SH:  0    Dex: 14    Spells: 1/1 levels left

rFire   x . .      SeeInvis .   a - +0 spear
rCold   + . .      Faith    .   (no shield)
rNeg    + + +      Spirit   .   b - +0 robe
rPois   ∞          Reflect  .   (no helmet)
rElec   .          Harm     .   (no cloak)
rCorr   .          Rampage  .   (no gloves)
Will    .....                   (no boots)
Stlth   ++........              (no amulet)
HPRegen 0.08/turn               (no ring)
MPRegen 0.08/turn               (no ring)

@: constricted
A: cold resistance 1, negative energy resistance 3, torment resistance 2, heat
vulnerability 1, no potions
a: no special abilities


You were on level 1 of the Dungeon.
You visited 1 branch of the dungeon, and saw 1 of its levels.

You collected 69 gold pieces.

Inventory:

Hand Weapons
 a - a +0 spear (weapon)
Armour
 b - a +0 robe (worn)
Scrolls
 c - a scroll of poison {unknown}


   Skills:
 + Level 4.1 Fighting
 - Level 2.4 Polearms
 - Level 2.4 Dodging
 - Level 1.5 Stealth


You had one spell level left.
You didn't know any spells.
Your spell library was empty.

Dungeon Overview and Level Annotations

Branches:
Dungeon (1/15)

Altars:

Shops:
D:1 (


Innate Abilities, Weirdness & Mutations

You are immune to poison.
Your flesh is cold resistant. (rC+)
You are immune to negative energy. (rN+++)
You are immune to unholy pain and torment.
You are vulnerable to heat. (rF-)
You do not drink.


Message History

The endoplasm freezes you.
You are frozen.
You resist.
You hit the giant cockroach but do no damage.
The giant cockroach is almost dead.
The giant cockroach bites you but does no damage.
The endoplasm hits you but does no damage.
The giant cockroach bites you.
You are too injured to fight recklessly!
You are too injured to fight recklessly!
You are too injured to fight recklessly!
The giant cockroach attacks as you move away!
The giant cockroach bites you. The endoplasm attacks as you move away!
The endoplasm hits you.
* * * LOW HITPOINT WARNING * * *
The endoplasm attacks as you move away! The endoplasm closely misses you.
You are too injured to fight recklessly!
You are too injured to fight recklessly!
You hit the endoplasm but do no damage. The endoplasm barely misses you.
You hit the endoplasm.
You kill the endoplasm!
You hit the giant cockroach but do no damage.
The giant cockroach is almost dead.
The giant cockroach bites you but does no damage.
The giant cockroach bites you.
* * * LOW HITPOINT WARNING * * *
You hit the giant cockroach.
You kill the giant cockroach!
You closely miss the ball python.
The ball python bites you but does no damage.
The ball python grabs you. The ball python constricts you.
* * * LOW HITPOINT WARNING * * *
The ball python bites you.
* * * LOW HITPOINT WARNING * * *
The ball python constricts you.
* * * LOW HITPOINT WARNING * * *
You barely miss the ball python. The ball python closely misses you.
The ball python constricts you.
* * * LOW HITPOINT WARNING * * *
You closely miss the ball python. The ball python bites you.
You die...

......:
..:....
.......
.......
##
.......
..
#..)###
#....S#
##
##.##S#
####. #
#@#
#....
#.#
#...†
#.#
##..).
#.#
##.....
#.#
##......
##.#
#..###..
PP #..#
##.# #..
.#^.#.##
#..###..
#..#.#
###.....


You could see 2 ball pythons.

Vanquished Creatures
  A ball python (D:1)
  3 endoplasms (D:1)
  A giant cockroach (D:1)
  3 goblins (D:1)
  A hobgoblin (D:1)
  4 jackals (D:1)
  A kobold (D:1)
  2 bats (D:1)
  2 frilled lizards (D:1)
  3 rats (D:1)
21 creatures vanquished.

Notes
Turn   | Place    | Note
-------+----------+-------------------------------------------
     0 | D:1      | concernfroge the Mummy Monk began the quest for the Orb.
     0 | D:1      | Reached XP level 1. HP: 18/18 MP: 1/1
   148 | D:1      | Found Fitogg's Weapon Emporium.
   218 | D:1      | Found a faded altar of an unknown god.
   222 | D:1      | Reached XP level 2. HP: 20/24 MP: 2/2
   451 | D:1      | Reached skill level 4 in Fighting
   466 | D:1      | HP: 1/25 [constriction (1)]
   467 | D:1      | Slain by a ball python

Illustrated notes

Levels and vault maps discovered:
D:1:      dpeg_arrival_shelter, layout_rooms,
          ebering_ecumenical_altar_abandoned, serial_shops,
          nicolae_shop_bloodbath_and_beyond, serial_aquarium,
          aquarium_bridge_long_separate [aquarium_subvault_window,
          aquarium_subvault_bridge, aquarium_subvault_bridge,
          aquarium_subvault_wall, aquarium_subvault_bridge,
          aquarium_subvault_bridge], aquarium_bridge_island_small
          [aquarium_subvault_small_open, aquarium_subvault_bridge,
          aquarium_subvault_bridge, aquarium_subvault_bridge,
          aquarium_subvault_window], aquarium_window_corridor_3,
          aquarium_window_1, aquarium_view_2c

Skill      XL: |  1  2 |
---------------+-------+-----
Fighting       | 4 |  4.1
Polearms       | |  2.4
Dodging        | |  2.4
Stealth        | |  1.5

Action                   || total
-------------------------++-------
Melee: Spear             ||    79
Armor: Robe              ||    13
Dodge: Dodged            ||    42
